 Dungeon Crawl Stone Soup version 0.29-a0-40-g8eb35efe60 (webtiles) character file.

Game seed: 5031788723786946672

2 horus123 the Shooter (level 1, 0/12 HPs)
             Began as a Deep Elf Hunter on Feb 1, 2022.
             Slain by a kobold (3 damage)
             ... on level 1 of the Dungeon.
             The game lasted 00:00:58 (73 turns).

horus123 the Shooter (Deep Elf Hunter)                Turns: 73, Time: 00:00:58

Health: 0/12       AC:  3    Str:  9    XL:     1   Next: 25%
Magic:  3/3        EV: 12    Int: 15    God:
Gold:   0          SH:  0    Dex: 15    Spells: 0/0 levels left

rFire   . . .      SeeInvis .   b - +0 short sword
rCold   . . .      Faith    .   (no shield)
rNeg    . . .      Spirit   .   c - +0 leather armour
rPois   .          Reflect  .   (no helmet)
rElec   .          Harm     .   (no cloak)
rCorr   .          Rampage  .   (no gloves)
Will    .....                   (no boots)
Stlth   ++........              (no amulet)
HPRegen 0.04/turn               (no ring)
MPRegen 0.08/turn               (no ring)

@: no status effects
A: no striking features
a: no special abilities


You were on level 1 of the Dungeon.
You visited 1 branch of the dungeon, and saw 1 of its levels.

Inventory:

Hand Weapons
 a - a +1 shortbow
 b - a +0 short sword (weapon)
Missiles
 d - 20 arrows
Armour
 c - a +0 leather armour (worn)


   Skills:
 + Level 1.7 Fighting
 - Level 5.3 Bows
 - Level 2.4 Dodging
 - Level 1.2 Stealth


You couldn't memorise any spells.
You didn't know any spells.
Your spell library was empty.

Dungeon Overview and Level Annotations

Branches:
Dungeon (1/15)

Altars:


Message History

You kill the bat!
You hit the kobold but do no damage. The kobold barely misses you.
You hit the kobold.
The kobold is moderately wounded.
A goblin comes into view. It is wielding a +0 dagger.
The kobold hits you with a +0 dagger.
You hit the kobold but do no damage.
The kobold is moderately wounded.
The kobold barely misses you.
You closely miss the kobold.
The kobold is moderately wounded.
The kobold barely misses you.
A hobgoblin comes into view.
You hit the kobold.
The kobold is heavily wounded.
The kobold hits you but does no damage.
The hobgoblin throws a stone.
The stone closely misses you.
You closely miss the kobold.
The kobold is heavily wounded.
The kobold hits you with a +0 dagger.
You hit the kobold.
The kobold is severely wounded.
The kobold misses you.
You hit the kobold but do no damage.
The kobold is severely wounded.
The kobold barely misses you.
You closely miss the kobold.
The kobold is severely wounded.
The kobold hits you with a +0 dagger.
A ball python comes into view.
The kobold hits you with a +0 dagger.
You are too injured to fight recklessly!
The hobgoblin throws a stone.
The stone closely misses you.
You see here a +0 dagger.
The kobold hits you with a +0 dagger.
* * * LOW HITPOINT WARNING * * *
You closely miss the kobold.
The kobold is severely wounded.
The kobold hits you but does no damage. The kobold hits you with a +0 dagger.
You die...

#D#.#D# #.# ..
###.### #.# ...
#...####.## ....
+.>.'.....##.....
#...##...........
.
#######.#.#.....
..###≈# #.#.# ...
....######.#.# .
#..........#@#
$.........#K#
#...g..#r#
##g.r..#g##
#†###.S..# ...
#....# #.S#.
#....# ...##.
#....# #.## ..
#..(.#


You could see a hobgoblin, a ball python, a kobold and a rat.

Vanquished Creatures
  A goblin (D:1)
  A bat (D:1)
2 creatures vanquished.

Notes
Turn   | Place    | Note
-------+----------+-------------------------------------------
     0 | D:1      | horus123 the Deep Elf Hunter began the quest for the Orb.
     0 | D:1      | Reached XP level 1. HP: 12/12 MP: 3/3
     1 | D:1      | Noticed an iron dragon
     3 | D:1      | Noticed an orb of fire
     3 | D:1      | Noticed a green draconian
     6 | D:1      | Noticed a tentacled monstrosity
     7 | D:1      | Noticed a tentacled monstrosity
     8 | D:1      | Noticed a tentacled monstrosity
     9 | D:1      | Noticed an iron dragon
    11 | D:1      | Noticed a large abomination
    11 | D:1      | Noticed a tentacled monstrosity
    13 | D:1      | Noticed an iron dragon
    13 | D:1      | Noticed an iron dragon
    15 | D:1      | Noticed an iron dragon
    17 | D:1      | Noticed a tentacled monstrosity
    17 | D:1      | Noticed a tentacled monstrosity
    17 | D:1      | Noticed an ice dragon
    19 | D:1      | Noticed a shadow dragon
    19 | D:1      | Noticed an ice dragon
    73 | D:1      | Slain by a kobold

Illustrated notes

Levels and vault maps discovered:
D:1:      shiori_arrival_whats_in_store_for_you, layout_basic,
          minmay_box_of_dots

Action                   || total
-------------------------++-------
Melee: Short sword       ||    12
 Fire: Shortbow          ||     1
Armor: Leather armour    ||     2
Dodge: Dodged            ||     8

Table legend: (Time is in decaauts)
 A = Elapsed time spent in this place.
 B = Non-inter-level travel time spent in this place.
 C = Inter-level travel time spent in this place.
 D = Time resting spent in this place.
 E = Time spent auto-exploring this place.
 F = Levels seen in this place.
 G = Mean time per level.
                   A        B        C        D        E       F      G
               +--------+--------+--------+--------+--------+-----+--------+
         Total |     72 |     72 |      0 |      0 |     41 |   1 |   72.0 |
       Dungeon |     72 |     72 |      0 |      0 |     41 |   1 |   72.0 |
               +--------+--------+--------+--------+--------+-----+--------+

Top non-repeatable levels by time:
     D:1: 72 daAuts
